 Dungeon Crawl Stone Soup version 0.24.0-37-gcf1ca852f1 (webtiles) character file.

Game seed: 6812358889416696289, levelgen mode: deterministic

310 grindst0ne the Covert (level 6, -6/39 HPs)
             Began as an Octopode Assassin on Nov 24, 2019.
             Was an Initiate of Makhleb.
             Mangled by a vampire (8 damage)
             ... created by the anger of Yredelemnul
             ... on level 7 of the Dungeon.
             The game lasted 00:04:15 (3123 turns).

grindst0ne the Covert (Octopode Assassin)           Turns: 3123, Time: 00:04:16

Health: -6/39      AC:  1    Str: 10    XL:     6   Next: 41%
Magic:  15/15      EV: 16    Int: 13    God:    Makhleb [......]
Gold:   344        SH:  0    Dex: 16    Spells: 5/5 levels left

rFire    . . .     SeeInvis .   j - +0 dagger (elec)
rCold    . . .     Gourm    .   (no shield)
rNeg     . . .     Faith    .   (helmet restricted)
rPois    .         Spirit   .   (no amulet)
rElec    .         Reflect  .   f - ring of magical power
rCorr    .         Harm     .   (no ring)
MR       .....                  (no ring)
Stlth    +++++.....             (no ring)
HPRegen  0.13/turn              (no ring)
MPRegen  0.14/turn              (no ring)
                                (no ring)
                                (no ring)

@: slowed, very slow
A: almost no armour, stealthy swim, amphibious, 8 rings, constrict 8, camouflage
1, gelatinous body 1
a: Renounce Religion


You were on level 7 of the Dungeon.
You worshipped Makhleb.
Makhleb was noncommittal.
You were not hungry.

You visited 2 branches of the dungeon, and saw 6 of its levels.

You collected 344 gold pieces.

Inventory:

Hand Weapons
 a - a +2 dagger
 j - a +0 dagger of electrocution (weapon)
Missiles
 b - 17 poisoned darts (quivered)
 c - 2 curare-tipped darts
Jewellery
 f - a ring of magical power (left tentacle)
Wands
 s - a wand of random effects (6)
Scrolls
 e - 6 scrolls of identify {unknown}
 g - 3 scrolls of teleportation {unknown}
 l - 2 scrolls of blinking {unknown}
 m - a scroll of enchant armour {unknown}
 p - a scroll of amnesia {unknown}
Potions
 h - a potion of flight {unknown}
 i - 3 potions of curing {unknown}
 k - a potion of heal wounds {unknown}
 n - 3 potions of lignification {unknown}
 q - 2 potions of haste {unknown}
 r - a potion of might {unknown}
Comestibles
 d - 6 rations
 o - 7 chunks of flesh


   Skills:
 - Level 2.0 Fighting
 - Level 2.0 Short Blades
 - Level 2.0 Throwing
 + Level 4.4 Dodging
 + Level 8.3 Stealth


You had 5 spell levels left.
You didn't know any spells.
Your spell library was empty.

Dungeon Overview and Level Annotations

Branches:
Dungeon (7/15)             Temple (1/1) D:7

Altars:
Ashenzari
Fedhas
Hepliaklqana
Makhleb
Nemelex Xobeh
Okawaru
Qazlal
Yredelemnul


Innate Abilities, Weirdness & Mutations

You cannot wear most types of armour.
You are very stealthy in the water. (Stealth+)
You are amphibious.
You can wear up to eight rings at the same time.
You can use your tentacles to constrict eight enemies at once.
Your skin changes colour to match your surroundings (Stealth+).
Your rubbery body absorbs attacks. (AC +1, EV +1)


Message History

The vampire casts a spell at you.
You are more confused.
You bump into the crystal wall.
You bump into the rock wall.
The vampire misses you. The vampire bites you.
The vampire draws strength from your injuries!
The vampire hits you! The vampire barely misses you.
You're too confused to move!
The wraith barely misses you. The vampire closely misses you.
The vampire bites you!
* * * LOW HITPOINT WARNING * * *
The vampire draws strength from your injuries!
The wraith hits you.
* * * LOW HITPOINT WARNING * * *
The wraith drains your vigour!
You feel yourself slow down.
You feel less confused. The vampire misses you. The vampire bites you.
* * * LOW HITPOINT WARNING * * *
The vampire draws strength from your injuries!
You see here 11 stones.
The vampire hits you!
You die...

#
#.#######..#####
# #.# #......##
#
#..####.#<.#.รท#
#
#.............#
#
#..#.#.#.#.#..#
# #...........##
# #.#.......#W#
#
###..........V#
#
....#...>...#@#
#
..............#
# #..#.......#.#
#
#..............
#
##.#.#.#.#.#.###
## #...........#
#. ####.#.....##
#. ##.#.##### #>
#.......# #.. #.


You could see a vampire and a wraith.

Vanquished Creatures
  An ogre (D:7)
  A centaur zombie (D:7)
  A hound (D:7)
  An iguana (D:7)
  Terence (D:3)
  5 adders
  4 worms
  A dart slug (D:2)
  4 orcs (D:3)
  4 giant cockroaches
  5 goblins
  5 hobgoblins
  A jackal (D:1)
  9 kobolds
  6 bats
  2 frilled lizards
  5 rats
56 creatures vanquished.

Notes
Turn   | Place    | Note
-------+----------+-------------------------------------------
     0 | D:1      | grindst0ne the Octopode Assassin began the quest for the
                  | Orb.
     0 | D:1      | Reached XP level 1. HP: 14/14 MP: 1/1
   459 | D:1      | Reached XP level 2. HP: 19/19 MP: 2/2
   873 | D:2      | Reached skill level 6 in Stealth
   875 | D:2      | Reached XP level 3. HP: 24/24 MP: 3/3
  1496 | D:2      | Reached XP level 4. HP: 29/29 MP: 4/4
  2575 | D:3      | Reached skill level 7 in Stealth
  2634 | D:3      | Noticed Terence
  2640 | D:3      | Killed Terence
  2640 | D:3      | Reached XP level 5. HP: 34/34 MP: 5/5
  2883 | D:4      | Found a basalt altar of Yredelemnul.
  2890 | D:4      | Became a worshipper of Yredelemnul the Dark
  2895 | D:4      | You fall into a shaft and drop 3 floors!
  2897 | D:7      | Noticed an ogre
  2923 | D:7      | Killed an ogre
  2980 | D:7      | Found a sparkling altar of Nemelex Xobeh.
  3001 | D:7      | Reached XP level 6. HP: 39/39 MP: 6/6
  3025 | D:7      | Found a staircase to the Ecumenical Temple.
  3032 | Temple   | Entered the Ecumenical Temple
  3046 | Temple   | Fell from the grace of Yredelemnul
  3046 | Temple   | Became a worshipper of Makhleb the Destroyer
  3066 | D:7      | Reached skill level 8 in Stealth
  3095 | D:7      | Noticed a wraith
  3095 | D:7      | Noticed a vampire
  3121 | D:7      | HP: 1/39 [vampire[the anger of Yredelemnul] (4)]
  3123 | D:7      | Mangled by a vampire

Levels and vault maps discovered:
D:1:      minmay_arrival_five_plusses, layout_basic, lemuel_old_faithful
D:2:      layout_basic, minmay_randomly_rotated_circles
D:3:      layout_loops_corners, uniq_terence
D:4:      layout_basic, yredelemnul_altar_generic, minitemple, first_ration
D:7:      layout_loops_ring, zin_treasury, minmay_temple_entry_glass,
          the_bakery, nemelex_lonely_heart_becter
Temple:   dshaligram_water_room_temple

Skill      XL: |  1  2  3  4  5  6 |
---------------+-------------------+-----
Dodging        | 2 3 4 |  4.4
Stealth        | 6 7 8 |  8.3
Fighting       | |  2.0
Short Blades   | |  2.0
Throwing       | |  2.0

Action                   |  1- 3 |  4- 6 || total
-------------------------+-------+-------++-------
Melee: Dagger            |    49 |    47 ||    96
       Constrict         |    12 |    10 ||    22
       Tentacles         |     7 |     9 ||    16
Throw: Dart              |       |     4 ||     4
 Stab: Sleeping          |     9 |    12 ||    21
  Eat: Chunk             |     2 |     5 ||     7
Armor: Skin              |     3 |       ||     3
Dodge: Dodged            |    20 |    28 ||    48
